 Dungeon Sprint DCSS version 0.20.1-1-g8b1a95d (webtiles) character file.

431 JeffiDaFish the Fighter (level 6, 0/80 HPs)
             Began as an Ogre Berserker on Dec 9, 2017.
             Was a Believer of Trog.
             Slain by Sonja
             ... wielding a +0 short sword of distortion
              (16 damage)
             ... in the Dungeon (Sprint I: "Red Sonja").
             The game lasted 00:01:59 (821 turns).

JeffiDaFish the Fighter (Ogre Berserker)             Turns: 821, Time: 00:02:00

Health: 0/80       AC:  3    Str: 22    XL:     6   Next: 99%
Magic:  6/6        EV: 13    Int:  8    God:    Trog [**....]
Gold:   156        SH:  0    Dex: 10    Spells: 5/5 levels left

rFire    . . .     SeeInvis .   m - -1 scythe (curse)
rCold    . . .     Gourm    .   (shield currently unavailable)
rNeg     . . .     Faith    .   b - +0 animal skin
rPois    .         Spirit   .   (helmet restricted)
rElec    .         Reflect  .   (no cloak)
rCorr    .         Harm     .   (gloves unavailable)
MR       .....     NoTele   +   (boots unavailable)
Stlth    +.........             (no amulet)
Regen    0.3/turn               (no ring)
MPRegen  0.1/turn               (no ring)

@: lethally poisoned (0 -> -2), slowed, very slow
A: unfitting armour, tough skin 1
a: Berserk, Trog's Hand, Burn Spellbooks, Renounce Religion


You were in the Dungeon.
You worshipped Trog.
Trog was pleased with you.
You were not hungry.

You visited 1 branch You collected 324 gold pieces.
You spent 168 gold pieces at shops.

Inventory:

Hand Weapons
 a - a +0 spear
 k - a cursed +0 giant spiked club
 l - a +2 spear of distortion
 m - a cursed -1 scythe (weapon)
Armour
 b - a +0 animal skin (worn)
Wands
 j - a wand of random effects (39/48)
Scrolls
 i - a scroll of blinking
Potions
 d - 3 potions of curing
 e - a potion of heal wounds
 f - a potion of haste
 g - 2 potions of magic
 h - a potion of berserk rage
Comestibles
 c - a bread ration


   Skills:
 + Level 11.2 Fighting
 + Level 9.3 Polearms
 + Level 7.7 Dodging


You had 5 spell levels left.
You didn't know any spells.

Dungeon Overview and Level Annotations

Branches:
Dungeon (1/1)

Altars:
Cheibriados
Dithmenos
Elyvilon
Fedhas
Gozag
Hepliaklqana
Kikubaaqudgha
Nemelex Xobeh
Okawaru
Qazlal
Ru
Sif Muna
Trog
Uskayaw
Vehumet
Yredelemnul
Zin
The Shining One

Shops:
D (

Annotations:
D Sonja


Innate Abilities, Weirdness & Mutations

You are too large for most types of armour.
You have tough skin. (AC +1)


Message History

You feel sick.
You now have 156 gold pieces (gained 27).
You feel sick.
Sonja shoots a curare-tipped needle.
The curare-tipped needle closely misses you.
You miss Sonja.
You feel sick.
Sonja unwields an uncursed enchanted blowgun.
Sonja wields an uncursed short sword of distortion.
Its appearance distorts for a moment.
Sonja barely misses you.
Sonja hits you with an uncursed short sword of distortion!
Space bends around you. Sonja barely misses you.
Sonja hits you with an uncursed short sword of distortion!
Sonja closely misses you.
Sonja hits you with an uncursed short sword of distortion.
Space warps horribly around you! Sonja hits you but does no damage.
Space warps horribly around you!
* * * LOW HITPOINT WARNING * * *
Sonja hits you with an uncursed short sword of distortion.
* * * LOW HITPOINT WARNING * * *
Space warps horribly around you!
You die...

#..)..#..'[.#..+
#..#####'#####'#
#..####..#...#(#
#..#__####..##(#
#..#_____##'#..+
#⌠⌠#_.∩...'.(._#
####_..__##_.#+#
#_____###K#
#########@##
+..$+ #$.(#
##.## #+#


You could see Sonja.

Vanquished Creatures
  Sigmund (D)
  A yak (D)
  An ogre (D)
  A jelly (D)
  Ijyb (D)
5 creatures vanquished.

Notes
Turn   | Place    | Note
-------+----------+-------------------------------------------
     0 | D        | JeffiDaFish the Ogre Berserker began the quest for the Orb.
     0 | D        | Reached XP level 1. HP: 24/24 MP: 1/1
     1 | D        | Noticed Ijyb
    14 | D        | Killed Ijyb
    14 | D        | Reached skill level 6 in Fighting
    14 | D        | Reached XP level 2. HP: 31/36 MP: 2/2
    14 | D        | Reached XP level 3. HP: 38/44 MP: 3/3
    19 | D        | Noticed an ogre
    29 | D        | Killed an ogre
    29 | D        | Reached skill level 8 in Fighting
    29 | D        | Reached skill level 5 in Polearms
    29 | D        | Reached skill level 5 in Dodging
    29 | D        | Reached XP level 4. HP: 22/57 MP: 4/4
   353 | D        | Noticed Sigmund
   363 | D        | Killed Sigmund
   363 | D        | Reached ** piety under Trog
   363 | D        | Reached skill level 10 in Fighting
   363 | D        | Reached XP level 5. HP: 68/68 MP: 5/5
   363 | D        | Reached XP level 6. HP: 78/78 MP: 6/6
   383 | D        | Found a deep blue altar of Sif Muna.
   385 | D        | Found a radiant altar of Vehumet.
   406 | D        | Found Tejydo's Antique Weapon Emporium.
   406 | D        | Found an ancient bone altar of Kikubaaqudgha.
   406 | D        | Found a hazy altar of Hepliaklqana.
   406 | D        | Found a hide-covered altar of Uskayaw.
   406 | D        | Found a basalt altar of Yredelemnul.
   406 | D        | Found an opulent altar of Gozag.
   406 | D        | Found a snail-covered altar of Cheibriados.
   406 | D        | Found a sacrificial altar of Ru.
   406 | D        | Found a shadowy altar of Dithmenos.
   406 | D        | Noticed a yak
   416 | D        | Killed a yak
   416 | D        | Reached skill level 11 in Fighting
   802 | D        | Found a stormy altar of Qazlal.
   802 | D        | Found a blossoming altar of Fedhas.
   802 | D        | Found a bloodstained altar of Trog.
   802 | D        | Found an iron altar of Okawaru.
   802 | D        | Found a glowing golden altar of the Shining One.
   802 | D        | Found a glowing silver altar of Zin.
   802 | D        | Found a white marble altar of Elyvilon.
   804 | D        | Found a sparkling altar of Nemelex Xobeh.
   808 | D        | Bought a runed spear for 168 gold pieces
   815 | D        | Noticed Sonja
   821 | D        | Slain by Sonja

Skill      XL: |  1  2  3  4  5  6 |
---------------+-------------------+-----
Fighting       | 6 8 10 11 | 11.2
Polearms       | 4 5 7 9 |  9.3
Dodging        | 3 5 6 7 |  7.7

Action                   |  1- 3 |  4- 6 || total
-------------------------+-------+-------++-------
Melee: Spear             |    23 |    10 ||    33
       Scythe            |       |    14 ||    14
Armor: Animal skin       |     2 |     4 ||     6
Dodge: Dodged            |     5 |    16 ||    21
